 Dungeon Crawl Stone Soup version 0.23.2-40-g277498a001 (webtiles) character file.

Game seed: 4966173477808628874

4 MalarOregon the Chiller (level 1, 0/13 HPs)
             Began as a Merfolk Ice Elementalist on Aug 22, 2019.
             Slain by an ooze (1 damage)
             ... on level 1 of the Dungeon.
             The game lasted 00:00:50 (63 turns).

MalarOregon the Chiller (Merfolk Ice Elementalist)    Turns: 63, Time: 00:00:50

Health: 0/13       AC:  2    Str:  8    XL:     1   Next: 70%
Magic:  0/3        EV: 13    Int: 14    God:
Gold:   0          SH:  0    Dex: 14    Spells: 3/4 levels left

rFire    . . .     SeeInvis .   b - +0 dagger
rCold    . . .     Gourm    .   (no shield)
rNeg     . . .     Faith    .   a - +0 robe
rPois    .         Spirit   .   (no helmet)
rElec    .         Reflect  .   (no cloak)
rCorr    .         Harm     .   (no gloves)
MR       .....                  (no boots)
Stlth    ++........             (no amulet)
HPRegen  0.04/turn              (no ring)
MPRegen  0.08/turn              (no ring)

@: no status effects
A: change form in water, swift swim, stealthy swim
a: no special abilities


You were on level 1 of the Dungeon.
You were not hungry.

You visited 1 branch of the dungeon, and saw 1 of its levels.

Inventory:

Hand Weapons
 b - a +0 dagger (weapon)
   (You took it off a kobold on level 1 of the Dungeon)
Armour
 a - a +0 robe (worn)
Comestibles
 e - a ration {!d}


   Skills:
 + Level 0.2 Fighting
 + Level 2.8 Dodging
 + Level 2.3 Stealth
 + Level 2.0 Spellcasting
   Level 0.7 Conjurations
 * Level 3.4 Ice Magic


You had 3 spell levels left.
You knew the following spells:

 Your Spells              Type           Power        Failure   Level  Hunger
a - Freeze                Ice            ##..         6%          1    ##.....

Your spell library contained the following spells:

 Spells                   Type           Power        Failure   Level  Hunger
 Throw Frost              Conj/Ice       #.....       16%         2    ###....
 Ozocubu's Armour         Chrm/Ice       #.......     34%         3    ####...
 Throw Icicle             Conj/Ice       #.......     69%         4    #####..
 Summon Ice Beast         Ice/Summ       #.......     75%         4    #####..


Dungeon Overview and Level Annotations

Branches:
Dungeon (1/15)

Altars:


Message History

Aim: a kobold, wielding a +0 dagger You freeze the kobold.
The kobold closely misses you. The goblin closely misses you.
Aim: a kobold, wielding a +0 dagger (moderately wounded)
You freeze the kobold.
You kill the kobold!
The goblin misses you.
Aim: a goblin, wielding a +0 club You freeze the goblin.
The goblin hits you but does no damage.
You don't have enough magic to cast that spell.
Number of times to repeat, then command key: You must enter the number of times for the command to repeat.
Things that are here:
a +0 dagger; a kobold corpse
b - a +0 dagger The goblin hits you but does no damage.
Wield which item (- for none, * to show all)? (? for menu, Esc to quit)
b - a +0 dagger (weapon)
The goblin misses you.
You hit the goblin.
You kill the goblin!
A hobgoblin comes into view.
The hobgoblin hits you but does no damage.
Found a ration.
Things that are here:
a +0 club; a goblin corpse You closely miss the hobgoblin.
The hobgoblin barely misses you.
You barely miss the hobgoblin. The hobgoblin hits you with a +0 club.
The hobgoblin shouts!
The hobgoblin hits you with a +0 club.
* * * LOW HITPOINT WARNING * * *
The hobgoblin hits you but does no damage.
The hobgoblin barely misses you.
An ooze comes into view.
You see here a scroll labeled AROJOKKELIZ.
Aim: a hobgoblin You freeze the hobgoblin.
You kill the hobgoblin!
There is an open door here.
Aim: a hobgoblin, wielding a +0 club You freeze the hobgoblin.
The hobgoblin barely misses you.
You hit the hobgoblin. The hobgoblin hits you with a +0 club.
* * * LOW HITPOINT WARNING * * *
You hit the hobgoblin.
You kill the hobgoblin!
You see here a +0 club.
You hit the ooze. The ooze hits you.
* * * LOW HITPOINT WARNING * * *
You barely miss the ooze. The ooze hits you.
You die...

#.....## #.......
#.......
########?......
######......J.....##
##♣≈≈≈##.##########.#
#..♣≈≈≈#.# .#
###..♣♣♣#.# ..
#<....@J'.# ##
###..♣♣♣### #..♣≈≈≈#
##♣≈≈≈## #####


You could see an ooze.

Vanquished Creatures
  A goblin (D:1)
  2 hobgoblins (D:1)
  A kobold (D:1)
4 creatures vanquished.

Notes
Turn   | Place    | Note
-------+----------+-------------------------------------------
     0 | D:1      | MalarOregon the Merfolk Ice Elementalist began the quest
                  | for the Orb.
     0 | D:1      | Reached XP level 1. HP: 13/13 MP: 3/3
    63 | D:1      | Slain by an ooze

Action                   || total
-------------------------++-------
Melee: Dagger            ||     7
 Cast: Freeze            ||     5
Armor: Robe              ||     3
Dodge: Dodged            ||     8
